 Dungeon Crawl Stone Soup version 0.24.0-123-gd5b16e6ec5 (webtiles) character file.

Game seed: 16566001450913129452, levelgen mode: deterministic

49 FishyPogo the Skirmisher (level 3, -1/29 HPs)
             Began as a Demonspawn Fighter on Feb 3, 2020.
             Slain by a gnoll
             ... wielding a +0 flail
              (10 damage)
             ... on level 1 of the Dungeon.
             The game lasted 00:02:46 (1543 turns).

FishyPogo the Skirmisher (Demonspawn Fighter)       Turns: 1543, Time: 00:02:46

Health: -1/29      AC:  6    Str: 17    XL:     3   Next: 51%
Magic:  3/3        EV: 12    Int:  9    God:
Gold:   62         SH:  0    Dex: 17    Spells: 2/2 levels left

rFire    . . .     SeeInvis .   a - +0 rapier
rCold    . . .     Gourm    .   c - +0 shield
rNeg     . . .     Faith    .   b - +0 scale mail
rPois    .         Spirit   .   (no helmet)
rElec    .         Reflect  .   (no cloak)
rCorr    .         Harm     .   (no gloves)
MR       .....                  (no boots)
Stlth    +.........             (no amulet)
HPRegen  0.09/turn              (no ring)
MPRegen  0.08/turn              (no ring)

@: confused, agile
A: powered by pain 1
a: no special abilities


You were on level 1 of the Dungeon.
You were not hungry.

You visited 1 branch of the dungeon, and saw 2 of its levels.

You collected 62 gold pieces.

Inventory:

Hand Weapons
 a - a +0 rapier (weapon)
Missiles
 e - 73 stones (quivered)
Armour
 b - a +0 scale mail (worn)
 c - a +0 shield (worn)
Scrolls
 h - a scroll of teleportation {unknown}
 i - 2 scrolls of amnesia {unknown}
 j - 4 scrolls of identify {unknown}
 l - a scroll of remove curse {unknown}
Potions
 d - a potion of might
Comestibles
 f - 2 rations


   Skills:
 * Level 3.4 Fighting
 + Level 2.2 Short Blades
 * Level 3.1 Armour
 * Level 3.1 Shields


You had 2 spell levels left.
You didn't know any spells.
Your spell library was empty.

Dungeon Overview and Level Annotations

Branches:
Dungeon (2/15)

Altars:


Innate Abilities, Weirdness & Mutations

You sometimes gain a little power by taking damage.


Message History

The gnoll hits you with a +0 spear.
* * * LOW HITPOINT WARNING * * *
The gnoll barely misses you.
Your shield and scale mail prevent you from hitting the gnoll.
The gnoll closely misses you. The gnoll completely misses you.
Unknown command.
It was a potion of ambrosia.
You are confused.
You feel invigorated. The gnoll hits you but does no damage.
The gnoll completely misses you.
Unknown command.
You bump into the rock wall.
The gnoll barely misses you.
You barely miss the gnoll. The gnoll hits you with a +0 flail.
The gnoll hits you with a +0 spear!
* * * LOW HITPOINT WARNING * * *
Unknown command.
You puncture the gnoll!
The gnoll is heavily wounded.
The gnoll hits you with a +0 flail!
You die...

#.# #.# #.#
#.############### #.#
#.#.............#### #.#
#.#.................
#.###.#.#.........#.....
#...#.#.####............
###.#.#.# #............
#.#.#g####............
#.#.#@g...............
#.#.######............
#.#.# #.####..###..
#.#.######.# #..###..
#.#........# #...##..
#.#........# #.#.####
###.#........# #.#..###
#............# #.......
#............# ####..##


You could see 2 gnolls.

Vanquished Creatures
  A gnoll (D:2)
  An ooze (D:1)
  A dart slug (D:1)
  A giant cockroach (D:2)
  3 goblins
  5 hobgoblins (D:1)
  2 jackals (D:1)
  3 ball pythons
  4 bats (D:1)
  4 frilled lizards
  4 kobolds
  A rat (D:1)
30 creatures vanquished.

Notes
Turn   | Place    | Note
-------+----------+-------------------------------------------
     0 | D:1      | FishyPogo the Demonspawn Fighter began the quest for the
                  | Orb.
     0 | D:1      | Reached XP level 1. HP: 18/18 MP: 1/1
   226 | D:1      | Gained mutation: You sometimes gain a little power by
                  | taking damage. [demonic ancestry]
   226 | D:1      | Reached XP level 2. HP: 24/24 MP: 2/2
   575 | D:1      | Reached XP level 3. HP: 29/29 MP: 3/3
  1543 | D:1      | Slain by a gnoll

Levels and vault maps discovered:
D:1:      dpeg_arrival_solitude, layout_basic
D:2:      layout_basic, zin_treasury, grunt_decor_mini_mirrors,
          kennysheep_generic_room_7

Skill      XL: |  1  2 |
---------------+-------+-----
Short Blades   | 2 |  2.2
Armour         | 3 |  3.1
Shields        | 3 |  3.1
Fighting       | |  3.4

Action                   || total
-------------------------++-------
Melee: Rapier            ||   124
  Use: Potion            ||     2
  Eat: Chunk             ||     2
Armor: Scale mail        ||    77
Dodge: Dodged            ||    48
Block: Shield            ||    75
